 Dungeon Crawl Stone Soup version 0.22.1-1-ga44c0e5 (webtiles) character file.

51 suicidejoker the Grave Robber (level 3, -9/27 HPs)
             Began as a Demonspawn Necromancer on Oct 19, 2018.
             Killed from afar by Sigmund (10 damage)
             ... with a magic dart
             ... on level 2 of the Dungeon on Oct 20, 2018.
             The game lasted 00:07:21 (2654 turns).

suicidejoker the Grave Robber (DsNe)                Turns: 2654, Time: 00:07:22

Health: -9/27      AC:  4    Str:  6 (8)  XL:     3   Next: 57%
Magic:  6/6        EV: 12    Int: 16 (17) God:
Gold:   128        SH:  0    Dex: 12 (13) Spells: 2/6 levels left

rFire    . . .     SeeInvis .   d - +0 dagger
rCold    . . .     Gourm    .   (no shield)
rNeg     . . .     Faith    .   a - +1 robe
rPois    .         Spirit   .   (no helmet)
rElec    .         Reflect  .   (no cloak)
rCorr    .         Harm     .   (no gloves)
MR       .....                  e - +0 pair of boots
Stlth    +.........             (no amulet)
HPRegen  0.09/turn              (no ring)
MPRegen  0.10/turn              (no ring)

@: confused, berserk cooldown, very slightly contaminated, hasted and slowed,
invisible
A: powered by death 1
a: no special abilities


You were on level 2 of the Dungeon.
You were not hungry.

You visited 1 branch of the dungeon, and saw 2 of its levels.

You collected 128 gold pieces.

Inventory:

Hand Weapons
 d - a +0 dagger (weapon)
Armour
 a - a +1 robe (worn)
 e - a +0 pair of boots (worn)
Scrolls
 f - a scroll of teleportation
 j - a scroll of blinking {unknown}
Potions
 k - a potion of invisibility
Comestibles
 c - 3 rations


   Skills:
 * Level 1.7 Fighting
 + Level 0.6 Armour
 + Level 2.1 Dodging
 + Level 2.2 Stealth
 + Level 2.2 Spellcasting
 + Level 4.6 Necromancy


You had 2 spell levels left.
You knew the following spells:

 Your Spells              Type           Power        Failure   Level  Hunger
a - Pain                  Necr           ###.         3%          1    #......
b - Vampiric Draining     Necr           ###.......   9%          3    ###....

Your spell library contained the following spells:

 Spells                   Type           Power        Failure   Level  Hunger
 Animate Skeleton         Necr           N/A          3%          1    #......
 Regeneration             Chrm/Necr      #.........   24%         3    ###....
 Animate Dead             Necr           N/A          30%         4    #####..


Dungeon Overview and Level Annotations

Branches:
Dungeon (2/15)

Altars:

Annotations:
D:2 Sigmund


Innate Abilities, Weirdness & Mutations

You regenerate a little health from kills.


Message History

You're too confused to move!
Sigmund casts a spell at you. The puff of flame misses you.
Sigmund casts a spell at you.
You are more confused.
You bump into the rock wall.
Sigmund hits you with a scythe!
* * * LOW HITPOINT WARNING * * *
You're too confused to cast spells.
You bump into the rock wall.
Sigmund gestures at you while chanting. The puff of flame hits you!
* * * LOW HITPOINT WARNING * * *
It was a potion of invisibility.
You fade into invisibility!
Sigmund hits you but does no damage.
You are very lightly contaminated with residual magic.
It was a potion of haste.
You feel yourself speed up. Sigmund gestures at you while chanting.
The magic dart hits you!
You die...

#...........##.#.#########
##############.#.........#
#.#########.# #.# #.# #.#
#.# #.# #.# #.# #.#
#@#########.#
#@..........#
###########.# #.# ###


You could see Sigmund.

Vanquished Creatures
  A worker ant zombie (D:2)
  A ball python (D:1)
  A giant cockroach (D:2)
  A goblin (D:1)
  7 hobgoblins
  8 bats
  2 frilled lizards (D:1)
  12 kobolds
  6 rats
39 creatures vanquished.

Notes
Turn   | Place    | Note
-------+----------+-------------------------------------------
     0 | D:1      | suicidejoker the Demonspawn Necromancer began the quest for
                  | the Orb.
     0 | D:1      | Reached XP level 1. HP: 13/13 MP: 3/3
   368 | D:1      | Gained mutation: You regenerate a little health from kills.
                  | [demonic ancestry]
   368 | D:1      | Reached XP level 2. HP: 2/20 MP: 0/5
   861 | D:1      | Reached skill level 1 in Fighting
  1250 | D:1      | Reached XP level 3. HP: 17/26 MP: 0/6
  1573 | D:2      | Learned a level 3 spell: Vampiric Draining
  1759 | D:2      | HP: 1/26 [worm (9)]
  2630 | D:2      | Noticed Sigmund
  2652 | D:2      | HP: 1/27 [Sigmund/puff of flame (6)]
  2654 | D:2      | Killed from afar by Sigmund

Skill      XL: |  1  2 |
---------------+-------+-----
Stealth        | 2 |  2.2
Fighting       | 1 |  1.7
Dodging        | 2 |  2.1
Armour         | |  0.6
Spellcasting   | |  2.2
Necromancy     | |  4.6

Action                   || total
-------------------------++-------
Melee: Dagger            ||   105
       Unarmed           ||     2
       Short sword       ||     2
 Cast: Pain              ||    47
       Vampiric Draining ||     2
  Use: Potion            ||     6
       Scroll            ||     4
 Stab: Sleeping          ||     3
  Eat: Chunk             ||     3
       Ration            ||     1
Armor: Robe              ||    37
       Skin              ||     1
Dodge: Dodged            ||    69
